AoeStats
← Hecan

Arabian Desert

509769232Analyzed
1v1 RM · 3d ago on Sep 28, 2026· 35m 16s· 2 players
Game mode
Random Map
Map size
Tiny (2 player)
Population
200
Speed
Normal
Resources
Standard
Victory
Conquest
Starting age
Dark Age
Ending age
Imperial Age
RankedLock teamsTeams togetherTeam positionsShared explorationLock speedFull tech treeHidden civsTurbo modeCheats
Victory
Defeat
🇨🇦 Koreans · Canada
1140
+17
🇺🇸 Ethiopians · United States
1167
-17
Drizzie
6:28 Loom
9:34 Feudal Age
10:21 Double-Bit Axe
11:55 Fletching
16:59 Forging
18:59 Scale Barding Armor
23:02 Castle Age
22:31 Padded Archer Armor
23:06 Crossbowman
23:50 Bodkin Arrow
23:46 Light Cavalry
30:47 Ballistics
35:21 Iron Casting
Hecan
4:53 Loom
9:16 Feudal Age
11:14 Double-Bit Axe
14:28 Fletching
16:13 Wheelbarrow
21:03 Castle Age
21:24 Crossbowman
22:54 Bow Saw
23:10 Horse Collar
23:38 Bodkin Arrow
27:47 Gold Mining
29:04 Hand Cart
33:07 Ballistics
36:14 Imperial Age
33:54 Thumb Ring
Connection lost

Rejoining the realm…

Still unreachable

The connection could not be restored.

Session expired

The server has moved on; the page needs a fresh start.